Match 41435797
Unlisted

Match 41435797
End
Construct Infanterie Kompanie
Kettenkrad Recon Vehicle
Selects Terror Battlegroup
MG 42 Machine Gun Team
Grenadier Squad
Selects Machine Gun Camouflage
MG 42 Machine Gun Team
MG 42 Machine Gun Team
Grenadier Squad
Construct Luftwaffe Kompanie
GrW 34 Mortar Team
Jäger Squad
Selects No Quarter
Jäger Squad
Support Elements
Marder III M Tank Destroyer
Pioneer Squad
Marder III M Tank Destroyer
Rivi
Bloody_Crusader
Mael Radec
V1rus
Phillip Banks
Made in Germany
✠ OG_Raw_44 ✠
Tiltimus Prime
0
0

Comments sign in to comment!

No comments posted yet!